 Dungeon Crawl Stone Soup version 0.29-a0-320-g9f8742066b (webtiles) character file.

Game seed: 11868025268501767085

2541 sammy202020 the Skirmisher (level 9, -2/108 HPs)
             Began as a Demonspawn Berserker on Apr 2, 2022.
             Was a Believer of Trog.
             Slain by an orc warrior
             ... wielding a +0 glaive
              (11 damage)
             ... on level 7 of the Dungeon.
             The game lasted 00:12:22 (7008 turns).

sammy202020 the Skirmisher (Demonspawn Berserker)   Turns: 7008, Time: 00:12:23

Health: -2/108     AC: 16    Str: 20    XL:     9   Next: 30%
Magic:  0/9        EV:  9    Int: 11    God:    Trog [**....]
Gold:   117        SH:  9    Dex: 15    Spells: 8/8 levels left

rFire   + . .      SeeInvis .   x - +0 war axe
rCold   . . .      Faith    .   m - +0 buckler
rNeg    + . .      Spirit   +   r - +1 chain mail
rPois   .          Reflect  .   (no helmet)
rElec   .          Harm     .   (no cloak)
rCorr   +          Rampage  .   t - +0 pair of gloves {Dex+3}
Will    .....                   (no boots)
Stlth   ..........              (no amulet)
HPRegen 0.28/turn               k - ring of positive energy
MPRegen 0.22/turn               f - ring of Poenanae {rF+ rCorr}

@: berserking (expiring), very quick
A: icemail 1, magic shield, magic regeneration, condensation shield, weakness
stinger 2
a: Renounce Religion, Berserk, Trog's Hand


You were on level 7 of the Dungeon.
You worshipped Trog.
Trog was pleased with you.
You visited 1 branch of the dungeon, and saw 7 of its levels.

You collected 278 gold pieces.
You spent 161 gold pieces at shops.

Inventory:

Hand Weapons
 a - a +1 hand axe
 h - a +0 battleaxe
 w - the +8 flail "Newtslayer" {vorpal, rPois rF+ Dex+3}
   (You found it on level 6 of the Dungeon)

   It inflicts extra damage upon your enemies.
   Dex:       It affects your dexterity (+3).
   rF:        It protects you from fire.
   rPois:     It protects you from poison.
 x - a +0 war axe (weapon)
Missiles
 c - 26 poisoned darts (quivered)
 o - 7 javelins
 u - a throwing net
Armour
 m - a +0 buckler (worn)
 r - a +1 chain mail (worn)
 t - a +0 pair of gloves of dexterity (worn)
Jewellery
 f - the ring of Poenanae (right hand) {rF+ rCorr}
   (You acquired it on level 4 of the Dungeon)

   [ring of resist corrosion]

   rF:        It protects you from fire.
   rCorr:     It protects you from acid and corrosion.
 g - a ring of positive energy
 k - a ring of positive energy (left hand)
 s - a ring of ice
Wands
 b - a wand of iceblast (6)
 q - a wand of flame (12)
 v - a wand of digging (5)
Scrolls
 d - 2 scrolls of enchant weapon
 e - 5 scrolls of teleportation
 j - 4 scrolls of identify
Potions
 i - 2 potions of flight
 l - a potion of degeneration
 n - a potion of lignification


   Skills:
 * Level 7.0 Fighting
 * Level 6.5 Axes
 * Level 6.1 Armour
 + Level 4.3 Dodging
 + Level 3.5 Shields


You had 8 spell levels left.
You didn't know any spells.
Your spell library was empty.

Dungeon Overview and Level Annotations

Branches:
Dungeon (7/15)             Temple (0/1) D:4

Altars:

Shops:
D:5 **


Innate Abilities, Weirdness & Mutations

A meltable icy envelope protects you from harm. (AC +4)
When hurt, damage is shared between your health and your magic reserves.
You regenerate magic rapidly.
A meltable shield of frost defends you. (SH +4)
You have a tail ending in a sharp stinger.


Message History

You miss something.
The orc shouts!
Your tail-slap misses something.
You hear a shout!
The orc warrior hits you from afar with a +0 glaive!
* * * LOW HITPOINT WARNING * * *
You hear a shout!
You barely miss something. Something hits you but does no damage.
The orc warrior splashes around in the water.
You slice something!! You block something's attack.
The orc warrior splashes around in the water.
You barely miss something. You tail-slap something.
Something hits you but does no damage.
You closely miss something.
Your tail-slap misses something.
The orc warrior splashes around in the water.
A sky beast appears from thin air!
Reactivating autopickup.
The sky beast hits you but does no damage.
You barely miss the sky beast.
The sky beast is almost dead.
The orc warrior splashes around in the water.
The sky beast hits you.
* * * LOW HITPOINT WARNING * * *
The sky beast shocks you.
* * * LOW HITPOINT WARNING * * *
You miss the sky beast.
The sky beast is almost dead.
You block the orc warrior's attack.
Unknown command.
You are too berserk!
You slash the sky beast!
You kill the sky beast!
Trog accepts your kill.
The orc warrior splashes around in the water.
Your Fighting skill increases to level 7!
You slash the orc!
You kill the orc!
Trog accepts your kill.
The orc warrior hits you with a +0 glaive!
You die...

# #. $(...
.### ......
..# ......
+.# ......
#.##..)...
#@#......
#oo..#
#o/..#
#..###
#....###
#......#
#..<)))#
'...)).#
........).#


You could see an orc warrior and 2 orcs.

Vanquished Creatures
  2 vampire mosquitoes (D:5)
  Menkaure (D:6)
  3 water moccasins (D:6)
  An orc warrior (D:6)
  A sky beast (D:7)
  An ice beast (D:5)
  A black bear (D:6)
  2 centaurs
  2 scorpions
  5 wights (D:5)
  6 killer bees (D:7)
  A howler monkey (D:5)
  A crimson imp (D:5)
  A hound (D:5)
  2 gnoll shamans
  2 jellies
  An orc priest (D:7)
  2 iguanas (D:5)
  5 orc wizards
  11 gnolls
  5 adders
  2 white imps (D:5)
  2 worms (D:5)
  22 orcs
  4 endoplasms
  7 giant cockroaches
  4 goblins
  6 hobgoblins
  3 quokkas
  10 ball pythons
  6 bats
  6 frilled lizards
  9 kobolds
  5 rats
142 creatures vanquished.

Vanquished Creatures (others)
  An adder (D:4)
1 creature vanquished.

Grand Total: 143 creatures vanquished

Notes
Turn   | Place    | Note
-------+----------+-------------------------------------------
     0 | D:1      | sammy202020 the Demonspawn Berserker began the quest for
                  | the Orb.
     0 | D:1      | Reached XP level 1. HP: 18/18 MP: 1/1
   805 | D:1      | Gained mutation: You have a small tail. [demonic ancestry]
   805 | D:1      | Reached XP level 2. HP: 23/24 MP: 2/2
  1052 | D:1      | Found a faded altar of an unknown god.
  1742 | D:2      | Reached XP level 3. HP: 25/29 MP: 3/3
  2940 | D:3      | Reached ** piety under Trog
  2988 | D:3      | Gained mutation: A meltable shield of frost defends you.
                  | (SH +4) [demonic ancestry]
  2988 | D:3      | Reached XP level 4. HP: 35/35 MP: 4/4
  3241 | D:4      | Found a staircase to the Ecumenical Temple.
  3363 | D:4      | Identified a scroll of acquirement
  3363 | D:4      | Acquired the ring of Poenanae {rF+ rCorr}
  3630 | D:4      | Noticed a centaur
  3646 | D:4      | Killed a centaur
  3647 | D:4      | Reached skill level 4 in Fighting
  3647 | D:4      | Gained mutation: You regenerate magic rapidly. [demonic
                  | ancestry]
  3647 | D:4      | Reached XP level 5. HP: 29/42 MP: 5/5
  4065 | D:5      | Entered Level 5 of the Dungeon
  4068 | D:5      | Found Kowoyziso's General Store.
  4069 | D:5      | Found Wuidatz's Specific Store.
  4080 | D:5      | Reached skill level 1 in Shields
  4090 | D:5      | Bought a +0 pair of gloves of dexterity for 161 gold pieces
  4246 | D:5      | Noticed an ice beast
  4258 | D:5      | Killed an ice beast
  4259 | D:5      | Gained mutation: A meltable icy envelope protects you from
                  | harm. (AC +4) [demonic ancestry]
  4259 | D:5      | Reached XP level 6. HP: 27/49 MP: 6/6
  4512 | D:5      | Reached XP level 7. HP: 28/55 MP: 7/7
  4950 | D:5      | Reached skill level 5 in Fighting
  4951 | D:5      | Noticed a vampire mosquito
  4951 | D:5      | Noticed a vampire mosquito
  4994 | D:5      | Killed a vampire mosquito
  4995 | D:5      | Reached skill level 5 in Axes
  4996 | D:5      | Gained mutation: When hurt, damage is shared between your
                  | health and your magic reserves. [demonic ancestry]
  4996 | D:5      | Reached XP level 8. HP: 37/63 MP: 8/8
  5800 | D:6      | Identified the +8 flail "Newtslayer" {vorpal, rPois rF+
                  | Dex+3}
  5831 | D:6      | Reached skill level 6 in Fighting
  5831 | D:6      | Reached skill level 5 in Armour
  6223 | D:6      | Noticed Menkaure
  6234 | D:6      | Killed Menkaure
  6923 | D:7      | Gained mutation: You have a tail ending in a sharp stinger.
                  | [demonic ancestry]
  6923 | D:7      | Reached XP level 9. HP: 51/71 MP: 6/9
  7007 | D:7      | Reached skill level 7 in Fighting
  7008 | D:7      | Slain by an orc warrior

Illustrated notes

Levels and vault maps discovered:
D:1:      minmay_arrival_four_circles, layout_basic,
          shapermc_ecumenical_altar_acropolis, minmay_split_cup_small
D:2:      layout_basic, serial_glass, glass_columns_c, glass_columns_b
D:3:      layout_rooms
D:4:      layout_rooms, temple_doors_e, serial_bayou_lake_a
D:5:      layout_basic, portal_sewer_entry_c, corexii_shack,
          nicolae_specific_store, minmay_fire_ice_demons
D:6:      layout_rooms, uniq_menkaure
D:7:      layout_rooms, serial_shops, shop, minivault_11

Skill      XL: |  1  2  3  4  5  6  7  8  9 |
---------------+----------------------------+-----
Armour         | 2 3 4 5 6 |  6.1
Axes           | 3 4 5 6 |  6.5
Dodging        | 2 3 4 |  4.3
Fighting       | 4 5 6 7 |  7.0
Shields        | 1 2 3 |  3.5

Action                   |  1- 3 |  4- 6 |  7- 9 || total
-------------------------+-------+-------+-------++-------
Melee: Hand axe          |   119 |   133 |   262 ||   514
       Tailslap          |     5 |    20 |    53 ||    78
       Punch             |     1 |       |       ||     1
       War axe           |       |       |    73 ||    73
Invok: Berserk           |       |     2 |     8 ||    10
       Trog's Hand       |       |     2 |    11 ||    13
  Use: Scroll            |     1 |     7 |     4 ||    12
       Potion            |     1 |       |     7 ||     8
Armor: Animal skin       |    11 |       |       ||    11
       Ring mail         |    37 |     9 |       ||    46
       Chain mail        |       |    73 |   165 ||   238
       Skin              |       |       |    53 ||    53
Dodge: Dodged            |    88 |    60 |   129 ||   277
Block: Buckler           |     6 |    45 |   210 ||   261

Table legend: (Time is in decaauts)
 A = Elapsed time spent in this place.
 B = Non-inter-level travel time spent in this place.
 C = Inter-level travel time spent in this place.
 D = Time resting spent in this place.
 E = Time spent auto-exploring this place.
 F = Levels seen in this place.
 G = Mean time per level.
                   A        B        C        D        E       F      G
               +--------+--------+--------+--------+--------+-----+--------+
         Total |   7224 |   6944 |    280 |   1012 |   4543 |   7 | 1032.0 |
       Dungeon |   7224 |   6944 |    280 |   1012 |   4543 |   7 | 1032.0 |
               +--------+--------+--------+--------+--------+-----+--------+

Top non-repeatable levels by time:
     D:5: 1756 daAuts
     D:1: 1667 daAuts
     D:6: 1174 daAuts
     D:4: 1033 daAuts
     D:2: 901 daAuts
     D:3: 577 daAuts
     D:7: 113 daAuts
